 Dungeon Crawl Stone Soup version 0.31-a0-180-g519b7de00c (webtiles) character file.

Game seed: 6454469855344489075

196 Maxmaps the Shooter (level 5, 0/55 HPs)
             Began as a Demonspawn Hexslinger on June 19, 2023.
             Succumbed to a scorpion's poison
             ... on level 3 of the Dungeon.
             The game lasted 00:03:21 (1905 turns).

Maxmaps the Shooter (Demonspawn Hexslinger)         Turns: 1905, Time: 00:03:21

Health: 0/55       AC: 22    Str:  7 (8)  XL:     5   Next: 46%
Magic:  6/6        EV:  2    Int: 16 (17) God:
Gold:   81         SH:  0    Dex: 12 (15) Spells: 5/6 levels left

rFire   . . .        a - +1 sling
rCold   . . .        (no shield)
rNeg    . . .        e - melded +0 ring mail
rPois   +            (helmet currently unavailable)
rElec   .            (cloak currently unavailable)
rCorr   .            (gloves currently unavailable)
SInv    .            q - melded +0 pair of boots
Will    +....        (no amulet)
Stlth   +            (no ring)
HPRegen 0.29/turn    (no ring)
MPRegen 0.10/turn

%: no passive effects
@: mighty, lethally poisoned (0 -> -1), tree-form, enlightened, hasted, very
quick
A: stationary, stasis, torment immunity, boosted hp, (icy blue scales 1),
demonic guardian 1, powered by death 2
a: no special abilities


You were on level 3 of the Dungeon.
You were a tree.
You visited 1 branch of the dungeon, and saw 4 of its levels.

You collected 81 gold pieces.

Inventory:

Hand Weapons
 a - a +1 sling (weapon)
 r - a +0 trident
Armour
 c - a +0 robe
 e - a +0 ring mail (melded)
 q - a +0 pair of boots (melded)
Scrolls
 b - a scroll of poison
 d - a scroll of enchant weapon {unknown}
 f - a scroll of teleportation {unknown}
 k - a scroll of blinking {unknown}
 l - 8 scrolls of identify {unknown}
 m - a scroll of fear {unknown}
 n - a scroll of revelation {unknown}
Potions
 g - a potion of haste
 o - a potion of degeneration


   Skills:
 - Level 1.0 Fighting
 + Level 5.3 Ranged Weapons
 - Level 1.7 Dodging
 - Level 1.0 Spellcasting
 - Level 3.0 Hexes


You had 5 spell levels left.
You knew the following spells:

 Your Spells              Type           Power      Damage    Failure   Level
a - Slow                  Hex            40%        N/A       7%          1

Your spell library contained the following spells:

 Spells                   Type           Power      Damage    Failure   Level
 Sandblast                Erth           0%         2d4       22%         1
 Passwall                 Tmut/Erth      0%         N/A       34%         2
 Inner Flame              Hex/Fire       5%         N/A       36%         3
 Portal Projectile        Hex/Tloc       10%        N/A       36%         3
 Cause Fear               Hex            5%         N/A       54%         4
 Hailstorm                Conj/Ice       0%         3d3       56%         3
 Ignite Poison            Fire/Tmut/Pois 0%         N/A       56%         3
 Stone Arrow              Conj/Erth      0%         3d7       56%         3
 Ice Form                 Ice/Tmut       0%         N/A       92%         4
 Sticky Flame             Conj/Fire      0%         2d3       92%         4
 Simulacrum               Ice/Necr       0%         N/A       100%        6
 Ignition                 Fire           0%         3d3       100%        8


Dungeon Overview and Level Annotations

Branches:
Dungeon (4/15)
 Temple: D:4-7

Altars:
Trog
Vehumet

Shops:
D:2 =


Innate Abilities, Weirdness & Mutations

You are a tree.
Your roots penetrate the ground, keeping you stationary.
You cannot be teleported.
You are immune to unholy pain and torment.
Your maximum health is greatly increased.
Your equipment is partially melded.
((You are partially covered in icy blue scales. (AC +2)))
A weak demonic guardian rushes to your aid.
You regenerate health from kills.


Message History

Press: ? - help, Shift-Dir - straight line, f/p - scorpion
Aim: a scorpion (almost dead, 59% to hit)
You shoot a sling bullet.
The sling bullet hits the scorpion but does no damage.
The scorpion is almost dead.
* * * LOW HITPOINT WARNING * * *
You feel very sick. The scorpion closely misses you.
Fire: a) +1 sling
Press: ? - help, Shift-Dir - straight line, f/p - scorpion
Aim: a scorpion (almost dead, 59% to hit)
You shoot a sling bullet. The sling bullet hits the scorpion.
You kill the scorpion!
* * * LOW HITPOINT WARNING * * *
You feel sick.
Your Ranged Weapons skill increases to level 5!
It was a potion of degeneration.
There was something very wrong with that liquid.
You feel weakened.
You feel dopey.
You feel clumsy.
* * * LOW HITPOINT WARNING * * *
You feel sick.
It was a potion of enlightenment.
You feel very buoyant.
You fly up into the air.
* * * LOW HITPOINT WARNING * * *
You feel sick.
It was a potion of haste.
You feel yourself speed up.
* * * LOW HITPOINT WARNING * * *
You feel sick.
It was a potion of might.
You feel very mighty all of a sudden.
* * * LOW HITPOINT WARNING * * *
You feel sick.
It was a potion of lignification.
You turn into a tree.
Your +0 pair of boots melds into your body.
Your +0 ring mail melds into your body.
Your roots penetrate the ground.
* * * LOW HITPOINT WARNING * * *
You feel sick.
Unknown command.
You die...

..# #................##
..# #.................#
..#####.................#
........................#
#.......................#
........................#
###########.............#
###########.............#
................♣######.#
########..(..........##.#
........................#
.....###.............####
.....###.............#
...............#.#####
##############.#.#
..#............#.#
_.#............#.#


There were no monsters in sight!

Vanquished Creatures
  A scorpion (D:3)
  2 orc wizards (D:3)
  3 adders
  3 dart slugs
  3 orcs
  2 bats
  5 endoplasms
  3 giant cockroaches
  4 goblins
  5 hobgoblins
  3 jackals (D:2)
  4 kobolds
  3 quokkas
  A ball python (D:2)
  2 rats (D:2)
44 creatures vanquished.

Vanquished Creatures (collateral kills)
  2 orcs (D:3)
  A rat (D:3)
3 creatures vanquished.

Grand Total: 47 creatures vanquished

Notes
Turn   | Place    | Note
-------+----------+-------------------------------------------
     0 | D:1      | Maxmaps the Demonspawn Hexslinger began the quest for the
                  | Orb.
     0 | D:1      | Reached XP level 1. HP: 15/15 MP: 2/2
    29 | D:1      | Reached skill level 2 in Ranged Weapons
    97 | D:1      | Gained mutation: You regenerate a little health from kills.
                  | [demonic ancestry]
    97 | D:1      | Reached XP level 2. HP: 21/21 MP: 3/3
   360 | D:1      | Reached skill level 3 in Ranged Weapons
   529 | D:2      | Found Ownuwn's Jewellery Boutique.
   534 | D:2      | Gained mutation: You regenerate health from kills. [demonic
                  | ancestry]
   534 | D:2      | Reached XP level 3. HP: 26/26 MP: 4/4
   591 | D:2      | Found a faded altar of an unknown god.
  1203 | D:3      | Gained mutation: A weak demonic guardian rushes to your
                  | aid. [demonic ancestry]
  1203 | D:3      | Reached XP level 4. HP: 32/32 MP: 5/5
  1213 | D:3      | Reached skill level 4 in Ranged Weapons
  1577 | D:3      | Found a radiant altar of Vehumet.
  1701 | D:3      | Found a bloodstained altar of Trog.
  1862 | D:4      | Noticed a scorpion
  1865 | D:4      | Gained mutation: You are partially covered in icy blue
                  | scales. (AC +2) [demonic ancestry]
  1865 | D:4      | Reached XP level 5. HP: 31/37 MP: 6/6
  1899 | D:3      | Reached skill level 5 in Ranged Weapons
  1901 | D:3      | HP: 1/37 [poisoned by a scorpion]
  1905 | D:3      | Succumbed to a scorpion's poison

Illustrated notes

Levels and vault maps discovered:
D:1:      ncdulo_lavacross, layout_rooms
D:2:      layout_basic, serial_shops, nicolae_shop_tiny_statue_garden,
          hellmonk_ecumenical_altar_dog_temple
D:3:      layout_basic, mainiacjoe_overflow_swirl, kennysheep_generic_room_13
D:4:      layout_rooms, minmay_diced_spiral, uniq_robin

Skill      XL: |  1  2  3  4  5 |
---------------+----------------+-----
Ranged Weapons | 2 3 4 5 |  5.3
Fighting       | |  1.0
Dodging        | |  1.7
Spellcasting   | |  1.0
Hexes          | |  3.0

Action                     |  1- 3 |  4- 6 || total
---------------------------+-------+-------++-------
  Melee: Sling             |       |     2 ||     2
   Fire: Sling             |   105 |    76 ||   181
    Use: Potion            |       |     7 ||     7
 Armour: Robe              |     2 |       ||     2
         Ring mail         |    18 |    37 ||    55
  Dodge: Dodged            |    24 |    35 ||    59

Table legend: (Time is in decaauts)
 A = Elapsed time spent in this place.
 B = Non-inter-level travel time spent in this place.
 C = Inter-level travel time spent in this place.
 D = Time resting spent in this place.
 E = Time spent auto-exploring this place.
 F = Levels seen in this place.
 G = Mean time per level.
                   A        B        C        D        E       F      G
               +--------+--------+--------+--------+--------+-----+--------+
         Total |   1972 |   1881 |     91 |     39 |   1416 |   4 |  493.0 |
       Dungeon |   1972 |   1881 |     91 |     39 |   1416 |   4 |  493.0 |
               +--------+--------+--------+--------+--------+-----+--------+

Top non-repeatable levels by time:
     D:3: 779 daAuts
     D:2: 643 daAuts
     D:1: 541 daAuts
     D:4: 8 daAuts
